 Dungeon Crawl Stone Soup version 0.22-a0-265-g0d8bc90 (webtiles) character file.

9205 RoseArtemis the Cleaver (level 11, -2/100 HPs)
             Began as a Minotaur Fighter on Mar 7, 2018.
             Was a High Priest of Nemelex Xobeh.
             Slain by a komodo dragon (16 damage)
             ... on level 1 of the Lair of Beasts.
             The game lasted 00:32:51 (11003 turns).

RoseArtemis the Cleaver (Minotaur Fighter)         Turns: 11003, Time: 00:32:51

Health: -2/100     AC: 17    Str: 23    XL:     11   Next: 20%
Magic:  14/14      EV:  5    Int:  6    God:    Nemelex Xobeh [*****.]
Gold:   141        SH: 15    Dex: 10    Spells: 8/10 levels left

rFire    . . .     SeeInvis .   a - +0 war axe
rCold    . . .     Gourm    .   c - +0 shield
rNeg     + . .     Faith    .   m - +0 plate armour
rPois    .         Spirit   .   (helmet restricted)
rElec    .         Reflect  +   (no cloak)
rCorr    .         Harm     .   j - +0 pair of gloves
MR       .....                  e - +2 pair of boots
Stlth    ..........             K - +3 amulet of reflection
HPRegen  0.26/turn              w - ring of positive energy
MPRegen  0.14/turn              i - ring of flight

@: no status effects
A: retaliatory headbutt, horns 2
a: Triple Draw, Deal Four, Stack Five, Renounce Religion, Evoke Flight


You were on level 1 of the Lair of Beasts.
You worshipped Nemelex Xobeh.
Nemelex Xobeh was extremely pleased with you.
You were not hungry.

You visited 3 branches of the dungeon, and saw 13 of its levels.

You collected 600 gold pieces.
You spent 459 gold pieces at shops.

Inventory:

Hand Weapons
 a - a +0 war axe (weapon)
Armour
 c - a +0 shield (worn)
 e - a +2 pair of boots (worn)
 j - a +0 pair of gloves (worn)
 m - a +0 plate armour (worn)
Jewellery
 i - a ring of flight (right hand)
 w - a ring of positive energy (left hand)
 K - a +3 amulet of reflection (around neck)
Wands
 A - a wand of digging (22)
 F - a wand of flame (37)
Scrolls
 g - a scroll of enchant weapon {unknown}
 k - 2 scrolls of remove curse {unknown}
 o - a scroll of fear {unknown}
 r - 2 scrolls of fog {unknown}
 s - a scroll of enchant armour {unknown}
 t - 4 scrolls of teleportation {unknown}
 u - 2 scrolls of magic mapping
 v - a scroll of amnesia {unknown}
 y - 4 scrolls of random uselessness {unknown}
 B - a scroll of noise {unknown}
 D - a scroll of identify
 H - a scroll of blinking {unknown}
Potions
 b - a potion of resistance
 d - 4 potions of cancellation
 l - 2 potions of brilliance
 n - 5 potions of curing
 p - a potion of invisibility
 q - a potion of heal wounds
 z - 2 potions of lignification {unknown}
 C - a potion of agility {unknown}
 E - a potion of berserk rage {unknown}
Miscellaneous
 h - a plain deck of escape {drawn: 4}
 x - a plain deck of escape
 G - a legendary deck of summoning {drawn: 1}
 I - a legendary deck of destruction
 J - a legendary deck of summoning
 L - a plain deck of summoning
Comestibles
 f - 33 rations


   Skills:
 + Level 10.2 Fighting
 * Level 13.2 Axes
 - Level 6.0 Armour
 + Level 10.2 Shields
 + Level 5.9 Invocations


You had 8 spell levels left.
You knew the following spells:

 Your Spells              Type           Power        Failure   Level  Hunger
a - Blink                 Tloc           N/A          100%        2    ###....


Dungeon Overview and Level Annotations

Branches:
Dungeon (11/15)            Temple (1/1) D:7            Lair (1/6) D:9
    Orc: D:9-12

Altars:
Ashenzari
Cheibriados
Dithmenos
Elyvilon
Fedhas
Gozag
Hepliaklqana
Kikubaaqudgha
Makhleb
Nemelex Xobeh
Okawaru
Qazlal
Ru
Sif Muna
Trog
Uskayaw
Vehumet
Wu Jian
Xom
Yredelemnul
Zin
The Shining One

Shops:
D:6 [   D:8 !   D:9 ?

Annotations:
D:7 Prince Ribbit


Innate Abilities, Weirdness & Mutations

You reflexively headbutt those who attack you in melee.
You have a pair of horns on your head.


Message History

The komodo dragon is severely wounded.
You closely miss the porcupine. You block the porcupine's attack.
You block the komodo dragon's attack.
You slash the komodo dragon!
The komodo dragon is almost dead.
You closely miss the porcupine. You block the porcupine's attack.
You hit the komodo dragon but do no damage.
The komodo dragon is almost dead.
You slash the porcupine!
You kill the porcupine!
The komodo dragon bites you but does no damage.
Your plate armour prevents you from hitting the komodo dragon.
The komodo dragon is almost dead.
The komodo dragon bites you!!
* * * LOW HITPOINT WARNING * * *
You closely miss the komodo dragon.
The komodo dragon is almost dead.
The komodo dragon bites you!
You die...
Your body glows slightly and disappears.

#.###...#
########.##....##
.≈≈....#..#.....##
≈≈≈≈...#........P###..
≈≈≈≈≈....†...#........
≈≈≈≈≈..#####.....#
≈≈≈≈≈..# #..#..##
≈≈≈≈≈..# #..##..#
≈≈≈≈≈..# #..###@†#
≈≈≈≈...# ##.P ##l.#
≈≈≈..... #.# ##..#
≈≈...... ..# ....
...... .## ......
...... ....#.# .....##
.%...#


You could see a komodo dragon.

Vanquished Creatures
  The ghost of Tovarisch the Artisan of Death, a novice DsNe of Kikubaaqudgha (D:8)
  A gargoyle (D:10)
  2 komodo dragons (Lair:1)
  Grinder (D:3)
  A hornet (D:10)
  A hippogriff (D:7)
  Sigmund (D:3)
  A wyvern (D:10)
  A wraith (D:10)
  5 yaks (D:9)
  A hungry ghost (D:8)
  3 wargs (D:9)
  3 porcupines (Lair:1)
  A phantom (D:4)
  An ice beast (D:7)
  3 orc warriors
  2 sky beasts
  2 black bears
  A necrophage (D:10)
  9 ogres
  A centaur (D:8)
  A crocodile (D:9)
  4 bullfrogs
  4 scorpions
  5 wights
  4 howler monkeys
  3 bullfrog zombies
  4 crimson imps
  A centaur zombie (D:10)
  2 jellies
  3 hounds
  5 orc priests
  3 centaur skeletons
  2 bullfrog skeletons
  Ijyb (D:2)
  An iguana (D:9)
  10 orc wizards
  Natasha (twice) (D:3)
  9 worker ants
  Robin (D:3)
  A howler monkey skeleton (D:10)
  8 adders
  4 shadow imps
  2 adder skeletons
  A worm (D:2)
  2 leopard geckos
  45 orcs
  5 bats
  3 giant cockroaches
  16 goblins
  7 hobgoblins
  10 jackals
  5 quokkas
  2 ball pythons
  3 frilled lizards
  A jackal zombie (D:5)
  4 kobolds
  A leopard gecko skeleton (D:8)
  4 rats
231 creatures vanquished.

Vanquished Creatures (collateral kills)
  A hydra (Lair:1)
  The ghost of Soeti the Insei, a novice OpTm (D:6)
  A bullfrog (D:6)
  4 wights (D:6)
  An orc wizard (D:5)
  A centaur skeleton (D:6)
  An orc (D:5)
  2 jackals (D:6)
  A jackal zombie (D:6)
13 creatures vanquished.

Grand Total: 244 creatures vanquished

Notes
Turn   | Place    | Note
-------+----------+-------------------------------------------
     0 | D:1      | RoseArtemis the Minotaur Fighter began the quest for the Orb.
     0 | D:1      | Reached XP level 1. HP: 19/19 MP: 0/0
   486 | D:1      | Reached XP level 2. HP: 27/27 MP: 1/1
   595 | D:1      | Reached skill level 3 in Axes
  1102 | D:2      | Found an opulent altar of Gozag.
  1125 | D:2      | Reached XP level 3. HP: 33/33 MP: 2/2
  1996 | D:3      | Noticed Ijyb
  2040 | D:2      | Killed Ijyb
  2040 | D:2      | Reached XP level 4. HP: 17/40 MP: 3/3
  2299 | D:3      | Noticed Robin
  2304 | D:3      | Reached skill level 4 in Axes
  2324 | D:3      | Killed Robin
  2506 | D:3      | Noticed Sigmund
  2521 | D:3      | Killed Sigmund
  2521 | D:3      | Reached skill level 5 in Axes
  2521 | D:3      | Reached XP level 5. HP: 44/47 MP: 4/4
  2521 | D:3      | Reached XP level 6. HP: 51/55 MP: 5/5
  2663 | D:3      | Found a sparkling altar of Nemelex Xobeh.
  2664 | D:3      | Noticed Natasha
  2668 | D:3      | Killed Natasha
  2722 | D:3      | Became a worshipper of Nemelex Xobeh the Trickster
  2851 | D:3      | Noticed Grinder
  2856 | D:3      | Reached skill level 5 in Armour
  2857 | D:3      | Paralysed by Grinder for 4 turns
  2866 | D:3      | Killed Grinder
  2866 | D:3      | Reached skill level 5 in Fighting
  2866 | D:3      | Reached skill level 6 in Axes
  2866 | D:3      | Reached skill level 5 in Shields
  2866 | D:3      | Reached XP level 7. HP: 46/61 MP: 6/6
  3267 | D:3      | Noticed Natasha
  3271 | D:3      | Killed Natasha
  3499 | D:4      | Reached skill level 7 in Axes
  3657 | D:4      | Received a gift from Nemelex Xobeh
  3865 | D:4      | Reached XP level 8. HP: 36/70 MP: 7/7
  4115 | D:4      | Reached skill level 8 in Axes
  4161 | D:4      | Found a glowing silver altar of Zin.
  4161 | D:4      | Noticed an angel
  4170 | D:5      | Entered Level 5 of the Dungeon
  4376 | D:5      | Found an ancient bone altar of Kikubaaqudgha.
  4377 | D:5      | Found a radiant altar of Vehumet.
  4377 | D:5      | Found a shattered altar of Ashenzari.
  4385 | D:5      | Found a hide-covered altar of Uskayaw.
  4638 | D:5      | Reached * piety under Nemelex Xobeh
  5188 | D:5      | Received a gift from Nemelex Xobeh
  5264 | D:5      | Found a hazy altar of Hepliaklqana.
  5367 | D:6      | Noticed Soeti's ghost (novice OpTm)
  5374 | D:6      | Killed Soeti's ghost
  5374 | D:6      | Reached skill level 9 in Axes
  5374 | D:6      | Reached skill level 1 in Invocations
  5406 | D:6      | Found a basalt altar of Yredelemnul.
  5473 | D:6      | Found an ornate altar of the Wu Jian Council.
  5523 | D:6      | Reached ** piety under Nemelex Xobeh
  5691 | D:6      | Reached XP level 9. HP: 77/79 MP: 9/9
  6369 | D:6      | Found Ynishy's Armour Shoppe.
  6377 | D:6      | Bought a +0 plate armour for 276 gold pieces
  6508 | D:7      | Reached skill level 10 in Axes
  6924 | D:7      | Noticed Prince Ribbit
  7062 | D:7      | Reached *** piety under Nemelex Xobeh
  7469 | D:7      | Found a staircase to the Ecumenical Temple.
  7475 | Temple   | Entered the Ecumenical Temple
  7573 | Temple   | Received a gift from Nemelex Xobeh
  7746 | D:8      | Found Orrajaerph's Distillery.
  7746 | D:8      | Noticed Tovarisch's ghost (novice DsNe)
  7772 | D:8      | Killed Tovarisch's ghost
  7772 | D:8      | Reached skill level 11 in Axes
  8005 | D:8      | Bought a potion of heal wounds for 50 gold pieces
  8120 | D:8      | Reached **** piety under Nemelex Xobeh
  8255 | D:8      | Reached XP level 10. HP: 90/90 MP: 12/12
  8577 | D:9      | Received a gift from Nemelex Xobeh
  8616 | D:9      | Found Xiaho's Magic Scroll Shop.
  8619 | D:9      | Bought a scroll of magic mapping for 49 gold pieces
  8619 | D:9      | Bought a scroll of identify for 28 gold pieces
  8619 | D:9      | Bought a scroll of identify for 28 gold pieces
  8619 | D:9      | Bought a scroll of identify for 28 gold pieces
  8753 | D:9      | Learned a level 2 spell: Blink
  8994 | D:9      | Reached skill level 12 in Axes
  9394 | D:9      | Found a staircase to the Lair.
  9614 | D:9      | Received a gift from Nemelex Xobeh
  9804 | D:10     | Entered Level 10 of the Dungeon
  9812 | D:10     | Reached skill level 5 in Invocations
  9879 | D:10     | Reached ***** piety under Nemelex Xobeh
 10299 | D:10     | Received a gift from Nemelex Xobeh
 10442 | D:10     | Noticed a gargoyle
 10447 | D:10     | Killed a gargoyle
 10635 | D:10     | Reached skill level 10 in Fighting
 10635 | D:10     | Reached skill level 10 in Shields
 10635 | D:10     | Reached XP level 11. HP: 95/99 MP: 14/14
 10643 | D:10     | Reached skill level 13 in Axes
 10937 | Lair:1   | Entered Level 1 of the Lair of Beasts
 10937 | Lair:1   | Received a gift from Nemelex Xobeh
 10954 | Lair:1   | Noticed a seven-headed hydra
 10958 | Lair:1   | Killed a seven-headed hydra
 11003 | Lair:1   | Slain by a komodo dragon

Vault maps used:
D:1:      eino_arrival_cavern_b
D:2:      nicolae_gozag_cash_rules_everything_around_me
D:3:      nemelex_altar_shiori, due_unseen_surprise, uniq_sigmund, uniq_robin,
          uniq_natasha, uniq_ijyb, uniq_grinder
D:4:      zin_angel, first_ration
D:5:      lemuel_coloured_pillars_altar,
          chequers_temple_overflow_statue_of_worship
D:6:      kennysheep_mini, serial_shops, nicolae_shop_stone, kennysheep_diamond,
          bh_chokoban, kennysheep_minor_cross, hangedman_decor_diamond_cutter
D:7:      minmay_temple_entry_enclosed_plants, grunt_ogre_cave,
          uniq_prince_ribbit1
D:8:      serial_shops, shop
D:9:      erik_lair_orcish_takeover, serial_shops, shop_statue,
          statue_in_the_mist_lemuel, solitary_fountain
D:11:     kennysheep_orc_monster_closet_entryway, uniq_fannar, uniq_psyche
Temple:   dpeg_chambers_temple
Lair:1:   beast_lair_carwin_2, grunt_megastairs_1, infiniplex_staircase_pool

Skill      XL: |  1  2  3  4  5  6  7  8  9 10 11 |
---------------+----------------------------------+-----
Axes           | 3 5 6 7 9 11 12 13 | 13.2
Armour         | 4 5 6 |  6.0
Fighting       | 4 5 6 7 8 10 | 10.2
Shields        | 4 5 6 7 8 10 | 10.2
Invocations    | 1 4 5 |  5.9

Action                   |  1- 3 |  4- 6 |  7- 9 | 10-12 || total
-------------------------+-------+-------+-------+-------++-------
Melee: War axe           |    80 |    55 |   333 |   284 ||   752
       Headbutt          |     9 |     6 |    52 |    47 ||   114
Evoke: Deck              |       |       |     5 |     4 ||     9
  Use: Scroll            |     2 |       |     7 |     6 ||    15
       Potion            |     1 |     2 |       |     1 ||     4
  Eat: Chunk             |     3 |     3 |    11 |    13 ||    30
       Ration            |       |       |     2 |       ||     2
Armor: Scale mail        |    34 |    36 |    70 |       ||   140
       Plate armour      |       |       |    60 |   117 ||   177
Dodge: Dodged            |    21 |    18 |    70 |    36 ||   145
Block: Shield            |    31 |    31 |   144 |   146 ||   352

Table legend:
 A = Spawn XP
 B = Non-spawn XP
 C = Spawn XP percentage of total XP
 D = Spawn monster count
 E = Non-spawn monster count
 F = Spawn count percentage of total count
 G = Total turns spent on level
                    A         B        C        D         E        F      G
               +---------+---------+-------+---------+---------+-------+---------
         Total |       0 |   13150 |   0.0 |       0 |     244 |   0.0 | 11003
               +---------+---------+-------+---------+---------+-------+---------
           D:1 |       0 |      23 |   0.0 |       0 |      14 |   0.0 |  1013
           D:2 |       0 |      81 |   0.0 |       0 |      19 |   0.0 |  1160
           D:3 |       0 |     736 |   0.0 |       0 |      26 |   0.0 |  1119
           D:4 |       0 |     871 |   0.0 |       0 |      30 |   0.0 |   878
           D:5 |       0 |     492 |   0.0 |       0 |      18 |   0.0 |  1199
           D:6 |       0 |    1051 |   0.0 |       0 |      27 |   0.0 |  1146
           D:7 |       0 |    1324 |   0.0 |       0 |      24 |   0.0 |   980
           D:8 |       0 |    1377 |   0.0 |       0 |      15 |   0.0 |   831
           D:9 |       0 |    2582 |   0.0 |       0 |      36 |   0.0 |  1247
          D:10 |       0 |    2997 |   0.0 |       0 |      29 |   0.0 |  1111
        Lair:1 |       0 |    1616 |   0.0 |       0 |       6 |   0.0 |    66
               +---------+---------+-------+---------+---------+-------+---------
